 Dungeon Crawl Stone Soup version 0.21-a0-286-g6fcecc0 (webtiles) character file.

18 Ijustatesigmund the Skirmisher (level 2, -3/21 HPs)
             Began as an Octopode Fighter on Sept 26, 2017.
             Shot with an arrow by a centaur (7 damage)
             ... on level 2 of the Dungeon.
             The game lasted 00:01:29 (1352 turns).

Ijustatesigmund the Skirmisher (Octopode Fighter)   Turns: 1352, Time: 00:01:29

Health: -3/21      AC:  1    Str: 15    XL:     2   Next: 66%
Magic:  2/2        EV: 11    Int: 10    God:
Gold:   60         SH:  8    Dex: 11    Spells: 1/1 levels left

rFire    . . .     SeeInvis .   a - +0 flail
rCold    . . .     Gourm    .   b - +0 shield
rNeg     . . .     Faith    .   (helmet restricted)
rPois    .         Spirit   .   (no amulet)
rElec    .         Reflect  .   (no ring)
rCorr    .         Harm     .   (no ring)
MR       .....                  (no ring)
Stlth    ++........             (no ring)
HPRegen  0.07/turn              (no ring)
MPRegen  0.08/turn              (no ring)
                                (no ring)
                                (no ring)

@: no status effects
A: almost no armour, stealthy swim, amphibious, 8 rings, constrict 8, camouflage
1, gelatinous body 1
a: no special abilities


You were on level 2 of the Dungeon.
You were not hungry.

You visited 1 branch of the dungeon, and saw 2 of its levels.

You collected 60 gold pieces.

Inventory:

Hand Weapons
 a - a +0 flail (weapon)
Armour
 b - a +0 shield (worn)
Scrolls
 e - 2 scrolls of identify
 h - a scroll of enchant armour {unknown}
 i - a scroll of immolation {unknown}
 k - 3 scrolls of magic mapping {unknown}
Potions
 c - a potion of might
 g - a potion of resistance
 j - 2 potions of curing {unknown}
 l - 2 potions of haste {unknown}
 m - a potion of mutation {unknown}
Comestibles
 d - a bread ration
 f - a meat ration


   Skills:
 + Level 3.4 Fighting
 + Level 2.6 Maces & Flails
 - Level 3.0 Dodging
 - Level 3.0 Shields


You had one spell level left.
You didn't know any spells.

Dungeon Overview and Level Annotations

Branches:
Dungeon (2/15)

Altars:


Innate Abilities, Weirdness & Mutations

You cannot wear most types of armour.
You are very stealthy in the water. (Stealth+)
You are amphibious.
You can wear up to eight rings at the same time.
You can use your tentacles to constrict eight enemies at once.
Your skin changes colour to match your surroundings (Stealth+).
Your rubbery body absorbs attacks. (AC +1, EV +1)


Message History

Where to? (? - help)
There is a stone staircase leading down here.
You climb downwards.
A bat and 2 rats come into view.
Found four items.
There is a stone staircase leading up here.
A centaur comes into view.
The bat completely misses you.
You miss the bat. Your grab misses the bat. Your squeeze misses the bat.
The centaur shouts!
The bat closely misses you.
The centaur moves out of view.
You barely miss the bat. Your grab misses the bat. You block the bat's attack.
The centaur wields a glowing shortbow.
It is covered in frost.
The centaur shoots an arrow.
The arrow hits you!
Ouch! That really hurt!
* * * LOW HITPOINT WARNING * * *
The arrow freezes you.
* * * LOW HITPOINT WARNING * * *
The bat barely misses you.
The centaur shoots an arrow.
The arrow hits you!
You die...

.............###
......(.........
...............#
...............#
.............?.#
.......r........
......!...b.....
.......(@......#
#.............##
##...........##
..c#..####.###
.. #.. r.. .
.... #... ..(.
##.# .### .#


You could see a centaur, a bat and 2 rats.

Vanquished Creatures
  A giant cockroach (D:1)
  3 goblins (D:1)
  A hobgoblin (D:1)
  2 bats (D:1)
  2 frilled lizards (D:1)
  3 kobolds (D:1)
  7 rats (D:1)
19 creatures vanquished.

Notes
Turn   | Place    | Note
-------+----------+-------------------------------------------
     0 | D:1      | Ijustatesigmund the Octopode Fighter began the quest for the Orb.
     0 | D:1      | Reached XP level 1. HP: 16/16 MP: 1/1
   419 | D:1      | Reached XP level 2. HP: 21/21 MP: 2/2
  1349 | D:2      | Noticed a centaur
  1352 | D:2      | Shot with an arrow by a centaur

Vault maps used:
D:1:      dpeg_arrival_circle_labyrinth_c, minmay_misc_feat_chi,
          minmay_misc_feat_room
D:2:      grunt_temple_overflow_growth_and_decay, led_sif_pool

Action                   || total
-------------------------++-------
Melee: Flail             ||    34
       Constrict         ||    10
       Tentacles         ||     6
  Use: Scroll            ||     1
 Stab: Sleeping          ||     6
  Eat: Chunk             ||     1
Armor: Skin              ||     2
Dodge: Dodged            ||    15
Block: Shield            ||    11

Table legend:
 A = Spawn XP
 B = Non-spawn XP
 C = Spawn XP percentage of total XP
 D = Spawn monster count
 E = Non-spawn monster count
 F = Spawn count percentage of total count
 G = Total turns spent on level
                    A         B        C        D         E        F      G
               +---------+---------+-------+---------+---------+-------+---------
         Total |       0 |      26 |   0.0 |       0 |      19 |   0.0 |  1352
               +---------+---------+-------+---------+---------+-------+---------
           D:1 |       0 |      26 |   0.0 |       0 |      19 |   0.0 |  1348
               +---------+---------+-------+---------+---------+-------+---------
